| TOP OF THE 1ST |
|
Bluefield Grays batting - Pitching for Pulaski Counts : RHP Scott Gardner
|
|
Pitching: RHP Scott Gardner
|
|
|
Batting: LHB David Price
|
0-0: Called Strike 0-1: Ball 1-1: Foul Ball, location: 2F 1-2: Ground out 5-3 (Groundball, 56S, EV 87.5 MPH)
|
|
Batting: SHB Casey Candaele
|
0-0: Called Strike 0-1: Called Strike 0-2: Ball 1-2: Strikes out swinging, 2-3 out at first.
|
|
Batting: RHB Charlie Hayes
|
0-0: Fly out, F7 (Flyball, 78M, EV 96.3 MPH)
|
| Top of the 1st over - 0 runs, 0 hits, 0 errors, 0 left on base; Bluefield 0 - Pulaski 0 |
| BOTTOM OF THE 1ST |
|
Pulaski Counts batting - Pitching for Bluefield Grays : RHP Danny Clay
|
|
Pitching: RHP Danny Clay
|
|
|
Batting: RHB Eric Jones
|
0-0: Ball 1-0: Ball 2-0: Ball 3-0: Base on Balls
|
|
Batting: RHB Brett Benza
|
0-0: Ball 1-0: Called Strike 1-1: Fly out, F6 (Popup, 15, EV 78.8 MPH)
|
|
Batting: RHB John DiGioia
|
0-0: Fly out, F4 (Line Drive, 4, EV 66.9 MPH)
|
|
Batting: SHB Steve Walker
|
0-0: Ball 1-0: Ball 2-0: Ball 3-0: Called Strike 3-1: Ground out 6-3 (Groundball, 6S, EV 63.8 MPH)
|
| Bottom of the 1st over - 0 runs, 0 hits, 0 errors, 1 left on base; Bluefield 0 - Pulaski 0 |
| TOP OF THE 2ND |
|
Bluefield Grays batting - Pitching for Pulaski Counts : RHP Scott Gardner
|
|
Batting: RHB Richard Diaz
|
0-0: Ball 1-0: DOUBLE (Flyball, 7LD, EV 91.3 MPH)
|
|
Batting: SHB Chris Maloney
|
0-0: Ball Wild Pitch! Richard Diaz to third 1-0: Foul Ball, location: 2F 1-1: Foul Ball, location: 2F 1-2: Strikes out swinging
|
|
Batting: RHB Sam Haley
|
0-0: Called Strike 0-1: SINGLE (Flyball, 5D, EV 90.0 MPH) Richard Diaz scores
|
|
Batting: RHB Steven Wolff
|
0-0: Ball 1-0: Ball 2-0: Ball 3-0: Base on Balls Sam Haley to second
|
|
Batting: RHB James Eurton
|
0-0: Grounds into double play, 6-4-3 (Groundball, 6, EV 84.4 MPH)
|
| Top of the 2nd over - 1 run, 2 hits, 0 errors, 1 left on base; Bluefield 1 - Pulaski 0 |
| BOTTOM OF THE 2ND |
|
Pulaski Counts batting - Pitching for Bluefield Grays : RHP Danny Clay
|
|
Batting: LHB Jon Zureich
|
0-0: Ball 1-0: Swinging Strike 1-1: Called Strike 1-2: Fly out, F9 (Flyball, 9, EV 95.6 MPH)
|
|
Batting: RHB Jeffrey Ahlert
|
0-0: Ball 1-0: Foul Ball, location: 2F 1-1: Ball 2-1: Foul Ball, location: 2F 2-2: Foul Ball, location: 2F 2-2: Foul Ball, location: 2F 2-2: Foul Ball, location: 2F 2-2: Ball 3-2: Foul Ball, location: 2F 3-2: Ground out 5-3 (Groundball, 56, EV 103.1 MPH)
|
|
Batting: RHB Elias Guzman
|
0-0: Ball 1-0: Called Strike 1-1: Foul Ball, location: 2F 1-2: Foul Ball, location: 2F 1-2: Ground out 6-3 (Groundball, 6S, EV 71.3 MPH)
|
| Bottom of the 2nd over - 0 runs, 0 hits, 0 errors, 0 left on base; Bluefield 1 - Pulaski 0 |
| TOP OF THE 3RD |
|
Bluefield Grays batting - Pitching for Pulaski Counts : RHP Scott Gardner
|
|
Batting: SHB Alex Garcia
|
0-0: Ball 1-0: Ball 2-0: Called Strike 2-1: Foul Ball, location: 2F 2-2: Strikes out swinging
|
|
Batting: LHB David Price
|
0-0: Called Strike 0-1: Ball 1-1: Ball 2-1: Ball 3-1: Foul Ball, location: 2F 3-2: Base on Balls
|
|
Batting: SHB Casey Candaele
|
0-0: Ball 1-0: SINGLE (Groundball, 4S, EV 76.3 MPH) (infield hit) David Price to second
|
|
Batting: RHB Charlie Hayes
|
0-0: Called Strike 0-1: Ball 1-1: Called Strike 1-2: Ball 2-2: Strikes out swinging
|
|
Batting: RHB Richard Diaz
|
0-0: Swinging Strike 0-1: Ball 1-1: Foul Ball, location: 2F 1-2: Strikes out looking
|
| Top of the 3rd over - 0 runs, 1 hit, 0 errors, 2 left on base; Bluefield 1 - Pulaski 0 |
| BOTTOM OF THE 3RD |
|
Pulaski Counts batting - Pitching for Bluefield Grays : RHP Danny Clay
|
|
Batting: RHB Dario Vasquez
|
0-0: Ball 1-0: Foul Ball, location: 2F 1-1: Ball 2-1: Ball 3-1: Base on Balls
|
|
Batting: RHB Darrell Baugh
|
0-0: Called Strike 0-1: Ball 1-1: Ball 2-1: SINGLE (Groundball, 6MD, EV 101.9 MPH) (infield hit) Dario Vasquez to second
|
|
Batting: RHB Eric Jones
|
0-0: Foul Ball, location: 2F 0-1: Fielders Choice at 2nd, 6-4 (Groundball, 6M, EV 83.8 MPH) Dario Vasquez to third
|
|
Batting: RHB Brett Benza
|
0-0: Ball 1-0: Ball Eric Jones steals 2nd base 2-0: Ground out 5-3 (Groundball, 5S, EV 82.5 MPH)
|
|
Batting: RHB John DiGioia
|
0-0: Ground out 5-3 (Groundball, 56S, EV 65.0 MPH)
|
| Bottom of the 3rd over - 0 runs, 1 hit, 0 errors, 2 left on base; Bluefield 1 - Pulaski 0 |
| TOP OF THE 4TH |
|
Bluefield Grays batting - Pitching for Pulaski Counts : RHP Scott Gardner
|
|
Batting: SHB Chris Maloney
|
0-0: Ball 1-0: Ball 2-0: Ball 3-0: Base on Balls
|
|
Batting: RHB Sam Haley
|
0-0: Ball 1-0: Fly out, F6 (Popup, 6M, EV 56.3 MPH)
|
|
Batting: RHB Steven Wolff
|
0-0: Called Strike Chris Maloney steals 2nd base 0-1: Ball 1-1: Fly out, F3 (Popup, 3, EV 73.8 MPH)
|
|
Batting: RHB James Eurton
|
0-0: Called Strike 0-1: Foul Ball, location: 2F 0-2: Foul Ball, location: 2F 0-2: Ball 1-2: Ball 2-2: Ground out 5-3 (Groundball, 5, EV 100.0 MPH)
|
| Top of the 4th over - 0 runs, 0 hits, 0 errors, 1 left on base; Bluefield 1 - Pulaski 0 |
| BOTTOM OF THE 4TH |
|
Pulaski Counts batting - Pitching for Bluefield Grays : RHP Danny Clay
|
|
Batting: SHB Steve Walker
|
0-0: Ball 1-0: Ball 2-0: SINGLE (Groundball, 6S, EV 73.8 MPH) (infield hit)
|
|
Pinch Runner at 1st Edwin Marquez:
|
|
|
Batting: LHB Jon Zureich
|
0-0: Ball 1-0: SINGLE (Groundball, 4MD, EV 107.5 MPH) Edwin Marquez to second Runner from 2nd tries for 3rd, SAFE, no throw by CF
|
|
Batting: RHB Jeffrey Ahlert
|
0-0: Foul Ball, location: 2F 0-1: Foul Ball, location: 2F 0-2: Strikes out looking
|
|
Batting: RHB Elias Guzman
|
0-0: Called Strike 0-1: Foul Ball, location: 2F 0-2: Strikes out swinging
|
|
Batting: RHB Dario Vasquez
|
0-0: DOUBLE (Groundball, 5L, EV 110.6 MPH) Edwin Marquez scores Jon Zureich to third
|
|
Batting: RHB Darrell Baugh
|
0-0: Ball 1-0: Called Strike 1-1: Ball 2-1: Ground out 1-3 (Groundball, 23, EV 69.4 MPH)
|
| Bottom of the 4th over - 1 run, 3 hits, 0 errors, 2 left on base; Bluefield 1 - Pulaski 1 |
| TOP OF THE 5TH |
|
Bluefield Grays batting - Pitching for Pulaski Counts : RHP Scott Gardner
|
|
Now at SS: Edwin Marquez
|
|
|
Batting: SHB Alex Garcia
|
0-0: Ball 1-0: Called Strike 1-1: Ball 2-1: Swinging Strike 2-2: Ball 3-2: Foul Ball, location: 2F 3-2: Strikes out swinging
|
|
Batting: LHB David Price
|
0-0: Called Strike 0-1: Swinging Strike 0-2: Ball 1-2: Ground out 1-3 (Groundball, 13, EV 73.1 MPH)
|
|
Batting: SHB Casey Candaele
|
0-0: Ground out 4-3 (Groundball, 4, EV 85.6 MPH)
|
| Top of the 5th over - 0 runs, 0 hits, 0 errors, 0 left on base; Bluefield 1 - Pulaski 1 |
| BOTTOM OF THE 5TH |
|
Pulaski Counts batting - Pitching for Bluefield Grays : RHP Danny Clay
|
|
Batting: RHB Eric Jones
|
0-0: Called Strike 0-1: Fly out, F7 (Flyball, 78M, EV 91.9 MPH)
|
|
Batting: RHB Brett Benza
|
0-0: Called Strike 0-1: Ball 1-1: Foul Ball, location: 2F 1-2: Strikes out swinging
|
|
Batting: RHB John DiGioia
|
0-0: Called Strike 0-1: Fly out, F9 (Line Drive, 9D, EV 88.1 MPH)
|
| Bottom of the 5th over - 0 runs, 0 hits, 0 errors, 0 left on base; Bluefield 1 - Pulaski 1 |
| TOP OF THE 6TH |
|
Bluefield Grays batting - Pitching for Pulaski Counts : RHP Scott Gardner
|
|
Batting: RHB Charlie Hayes
|
0-0: Ground out 6-3 (Groundball, 6, EV 105.6 MPH)
|
|
Batting: RHB Richard Diaz
|
0-0: Fly out, F8 (Flyball, 8LXD, EV 88.8 MPH)
|
|
Batting: SHB Chris Maloney
|
0-0: Foul Ball, location: 2F 0-1: Ball 1-1: Fly out, F9 (Flyball, 9LS, EV 88.8 MPH)
|
| Top of the 6th over - 0 runs, 0 hits, 0 errors, 0 left on base; Bluefield 1 - Pulaski 1 |
| BOTTOM OF THE 6TH |
|
Pulaski Counts batting - Pitching for Bluefield Grays : RHP Danny Clay
|
|
Batting: RHB Edwin Marquez
|
0-0: Called Strike 0-1: Ground out U3 (Groundball, 3, EV 85.6 MPH)
|
|
Batting: LHB Jon Zureich
|
0-0: Foul Ball, location: 2F 0-1: Ball 1-1: Ball 2-1: Ground out 6-3 (Groundball, 6M, EV 103.8 MPH)
|
|
Batting: RHB Jeffrey Ahlert
|
0-0: Called Strike 0-1: Ball 1-1: Ball 2-1: Swinging Strike 2-2: Ball 3-2: Foul Ball, location: 2F 3-2: Fly out, F8 (Flyball, 8RD, EV 90.0 MPH)
|
| Bottom of the 6th over - 0 runs, 0 hits, 0 errors, 0 left on base; Bluefield 1 - Pulaski 1 |
| TOP OF THE 7TH |
|
Bluefield Grays batting - Pitching for Pulaski Counts : RHP Scott Gardner
|
|
Batting: RHB Sam Haley
|
0-0: Ball 1-0: SINGLE (Groundball, 56, EV 98.8 MPH)
|
|
Batting: RHB Steven Wolff
|
0-0: Called Strike Sam Haley steals 2nd base 0-1: Ball 1-1: Intentional Walk
|
|
Batting: RHB James Eurton
|
0-0: Bunt missed! 0-1: Bunt - Flyout to 3S - DP at third! 3-6
|
|
Batting: SHB Alex Garcia
|
0-0: Ball Steven Wolff is caught stealing 2nd base 2-6
|
| Top of the 7th over - 0 runs, 1 hit, 0 errors, 0 left on base; Bluefield 1 - Pulaski 1 |
| BOTTOM OF THE 7TH |
|
Pulaski Counts batting - Pitching for Bluefield Grays : RHP Danny Clay
|
|
Batting: RHB Elias Guzman
|
0-0: Ball 1-0: Called Strike 1-1: Fly out, F6 (Popup, 6, EV 52.5 MPH)
|
|
Batting: RHB Dario Vasquez
|
0-0: Ball 1-0: Ball 2-0: Called Strike 2-1: Foul Ball, location: 2F 2-2: Foul Ball, location: 2F 2-2: Strikes out looking
|
|
Batting: RHB Darrell Baugh
|
0-0: Called Strike 0-1: Ball 1-1: Called Strike 1-2: Fly out, F8 (Flyball, 89S, EV 86.9 MPH)
|
| Bottom of the 7th over - 0 runs, 0 hits, 0 errors, 0 left on base; Bluefield 1 - Pulaski 1 |
| TOP OF THE 8TH |
|
Bluefield Grays batting - Pitching for Pulaski Counts : RHP Scott Gardner
|
|
Batting: SHB Alex Garcia
|
0-0: Fly out, F8 (Flyball, 8LD, EV 89.4 MPH)
|
|
Batting: LHB David Price
|
0-0: Ball 1-0: Foul Ball, location: 2F 1-1: Called Strike 1-2: Ball 2-2: SINGLE (Groundball, 4MD, EV 95.6 MPH)
|
|
Batting: SHB Casey Candaele
|
0-0: Called Strike 0-1: Ball 1-1: Swinging Strike 1-2: Fly out, F7 (Flyball, 78M, EV 87.5 MPH)
|
|
Batting: RHB Charlie Hayes
|
0-0: Swinging Strike 0-1: Ball David Price steals 2nd base 1-1: Ball 2-1: Ball 3-1: Ground out 6-3 (Groundball, 6, EV 76.9 MPH)
|
| Top of the 8th over - 0 runs, 1 hit, 0 errors, 1 left on base; Bluefield 1 - Pulaski 1 |
| BOTTOM OF THE 8TH |
|
Pulaski Counts batting - Pitching for Bluefield Grays : RHP Danny Clay
|
|
Batting: RHB Eric Jones
|
0-0: Swinging Strike 0-1: Ball 1-1: Swinging Strike 1-2: Ground out 6-3 (Groundball, 6M, EV 86.3 MPH)
|
|
Batting: RHB Brett Benza
|
0-0: Foul Ball, location: 2F 0-1: Ball 1-1: Swinging Strike 1-2: Ball 2-2: Ball 3-2: Ground out 5-3 (Groundball, 56S, EV 66.9 MPH)
|
|
Batting: RHB John DiGioia
|
0-0: Called Strike 0-1: Foul Ball, location: 2F 0-2: Ground out 5-3 (Groundball, 5S, EV 65.0 MPH)
|
| Bottom of the 8th over - 0 runs, 0 hits, 0 errors, 0 left on base; Bluefield 1 - Pulaski 1 |
| TOP OF THE 9TH |
|
Bluefield Grays batting - Pitching for Pulaski Counts : RHP Scott Gardner
|
|
Pitching: RHP Dennis Gadowski
|
|
|
Batting: RHB Richard Diaz
|
0-0: Called Strike 0-1: Called Strike 0-2: Strikes out looking
|
|
Batting: SHB Chris Maloney
|
0-0: Ball 1-0: Foul Ball, location: 2F 1-1: Called Strike 1-2: Foul Ball, location: 2F 1-2: Strikes out swinging
|
|
Batting: RHB Sam Haley
|
0-0: Ball 1-0: Called Strike 1-1: Called Strike 1-2: Ball 2-2: Ball 3-2: Base on Balls
|
|
Batting: RHB Steven Wolff
|
0-0: Called Strike 0-1: Ground out 2-3 (Groundball, 2L, EV 64.4 MPH)
|
| Top of the 9th over - 0 runs, 0 hits, 0 errors, 1 left on base; Bluefield 1 - Pulaski 1 |
| BOTTOM OF THE 9TH |
|
Pulaski Counts batting - Pitching for Bluefield Grays : RHP Danny Clay
|
|
Batting: RHB Edwin Marquez
|
0-0: Fly out, F9 (Flyball, 9, EV 86.9 MPH)
|
|
Batting: LHB Jon Zureich
|
0-0: Foul Ball, location: 2F 0-1: Ball 1-1: Ball 2-1: Ground out 4-3 (Groundball, 34D, EV 111.9 MPH)
|
|
Batting: RHB Jeffrey Ahlert
|
0-0: Ball 1-0: Ball 2-0: Foul Ball, location: 2F 2-1: Fly out, F6 (Popup, P, EV 76.9 MPH)
|
| Bottom of the 9th over - 0 runs, 0 hits, 0 errors, 0 left on base; Bluefield 1 - Pulaski 1 |
| TOP OF THE 10TH |
|
Bluefield Grays batting - Pitching for Pulaski Counts : RHP Dennis Gadowski
|
|
Pinch Hitting: RHB Brad Colton
|
0-0: Called Strike 0-1: Fly out, F4 (Flyball, 34D, EV 89.4 MPH)
|
|
Pinch Hitting: RHB Koji Akiyama
|
0-0: Ball 1-0: Ball 2-0: Ball 3-0: Base on Balls
|
|
Batting: LHB David Price
|
0-0: Called Strike 0-1: Ball 1-1: Ball 2-1: Called Strike 2-2: Ball 3-2: SINGLE (Groundball, 23, EV 61.9 MPH) (infield hit) Koji Akiyama to second
|
|
Batting: SHB Casey Candaele
|
0-0: Ball 1-0: Ball 2-0: Called Strike 2-1: SINGLE (Line Drive, 78M, EV 105.6 MPH) Koji Akiyama to third David Price to second
|
|
Batting: RHB Charlie Hayes
|
0-0: Ball 1-0: Called Strike 1-1: Swinging Strike 1-2: Ball 2-2: Strikes out swinging
|
|
Batting: RHB Richard Diaz
|
0-0: Fly out, F3 (Line Drive, 3, EV 71.9 MPH)
|
| Top of the 10th over - 0 runs, 2 hits, 0 errors, 3 left on base; Bluefield 1 - Pulaski 1 |
| BOTTOM OF THE 10TH |
|
Pulaski Counts batting - Pitching for Bluefield Grays : RHP Danny Clay
|
|
Pitching: LHP Franklin Angel
|
|
|
Now at C: Bill Rosales
|
|
|
Now in CF: Brad Colton
|
|
|
Batting: RHB Elias Guzman
|
0-0: Called Strike 0-1: Ball 1-1: Ball 2-1: Swinging Strike 2-2: Foul Ball, location: 2F 2-2: Ball 3-2: Foul Ball, location: 2F 3-2: Strikes out swinging
|
|
Batting: RHB Dario Vasquez
|
0-0: Ball 1-0: Ground out 1-3 (Groundball, 13, EV 66.9 MPH)
|
|
Batting: RHB Darrell Baugh
|
0-0: Ball 1-0: Ball 2-0: Ball 3-0: Called Strike 3-1: SINGLE (Flyball, 78S, EV 90.0 MPH)
|
|
Batting: RHB Eric Jones
|
0-0: Ball 1-0: Ball Darrell Baugh steals 2nd base 2-0: Intentional Walk
|
|
Batting: RHB Brett Benza
|
0-0: Ball 1-0: Called Strike 1-1: Ball 2-1: Ball 3-1: Base on Balls Darrell Baugh to third Eric Jones to second
|
|
Batting: RHB John DiGioia
|
0-0: Ball 1-0: Called Strike 1-1: Ball 2-1: Swinging Strike 2-2: Ball 3-2: Base on Balls Darrell Baugh scores Eric Jones to third Brett Benza to second
|
| Bottom of the 10th over - 1 run, 1 hit, 0 errors, 0 left on base; Bluefield 1 - Pulaski 2 |
|